 Dungeon Crawl Stone Soup version 0.24.0-41-g2ae2f7f1be (webtiles) character file.

Game seed: 18438933642532798080, levelgen mode: deterministic

116 Goreval the Magician (level 5, 0/37 HPs)
             Began as a Gnoll Wizard on Dec 13, 2019.
             Slain by a bat (1 damage)
             ... in a sewer.
             The game lasted 00:10:58 (2767 turns).

Goreval the Magician (Gnoll Wizard)                 Turns: 2767, Time: 00:10:59

Health: 0/37       AC:  3    Str: 10    XL:     5   Next: 1%
Magic:  1/14       EV: 13    Int: 21    God:
Gold:   79         SH:  0    Dex: 13    Spells: 7/18 levels left

rFire    . . .     SeeInvis .   l - +0 club (curse)
rCold    . . .     Gourm    .   (no shield)
rNeg     . . .     Faith    .   c - +0 leather armour
rPois    .         Spirit   .   b - +0 hat
rElec    .         Reflect  .   (no cloak)
rCorr    .         Harm     .   (no gloves)
MR       .....                  (no boots)
Stlth    ++........             (no amulet)
HPRegen  0.12/turn              (no ring)
MPRegen  0.14/turn              (no ring)

@: no status effects
A: distributed training, fangs 1, strong nose
a: no special abilities


You were in a sewer.
You were hungry.

You visited 1 branch of the dungeon, and saw 3 of its levels.
You also visited: Sewer.

You collected 79 gold pieces.

Inventory:

Hand Weapons
 l - a cursed +0 club (weapon)
 w - a +0 hand axe
Missiles
 o - 51 stones (quivered)
 p - 17 poisoned darts
 r - 50 arrows
 s - 4 javelins
 t - 20 bolts
Armour
 a - a +0 robe
 b - a +0 hat (worn)
 c - a +0 leather armour (worn)
 e - a +0 shield
Jewellery
 i - an uncursed ring of see invisible {unknown}
Scrolls
 g - 2 scrolls of identify {unknown}
 j - a scroll of noise {unknown}
 k - 3 scrolls of remove curse {unknown}
 m - a scroll of blinking {unknown}
 q - a scroll of immolation {unknown}
 v - a scroll of fear {unknown}
Potions
 f - 2 potions of haste {unknown}
 h - a potion of curing {unknown}
 n - 2 potions of lignification {unknown}
 u - 2 potions of degeneration {unknown}
 x - a potion of might {unknown}
Comestibles
 d - 6 rations
 z - a chunk of flesh


   Skills:
 + Level 1.2 Fighting
 + Level 1.2 Short Blades
 + Level 1.2 Long Blades
 + Level 1.2 Axes
 + Level 1.2 Maces & Flails
 + Level 1.2 Polearms
 + Level 1.2 Staves
 + Level 1.2 Slings
 + Level 1.2 Bows
 + Level 1.2 Crossbows
 + Level 1.2 Throwing
 + Level 1.2 Armour
 + Level 4.7 Dodging
 + Level 4.3 Stealth
 + Level 1.2 Shields
 + Level 1.2 Unarmed Combat
 + Level 7.2 Spellcasting
 + Level 2.3 Conjurations
 + Level 1.0 Hexes
 + Level 1.0 Charms
 + Level 2.3 Summonings
 + Level 1.0 Necromancy
 + Level 2.3 Translocations
 + Level 1.0 Transmutations
 + Level 1.0 Fire Magic
 + Level 1.0 Ice Magic
 + Level 1.0 Air Magic
 + Level 1.0 Earth Magic
 + Level 1.0 Poison Magic
 + Level 1.4 Invocations
 + Level 1.2 Evocations


You had 7 spell levels left.
You knew the following spells:

 Your Spells              Type           Power        Failure   Level  Hunger
a - Magic Dart            Conj           ###.         4%          1    None
b - Mephitic Cloud        Conj/Pois/Air  ##......     19%         3    None
c - Conjure Flame         Conj/Fire      ##......     17%         3    None
n - Blink                 Tloc           N/A          7%          2    None
z - Call Imp              Summ           ###.....     7%          2    None

Your spell library contained the following spells:

 Spells                   Type           Power        Failure   Level  Hunger
 Slow                     Hex            ##......     11%         2    None


Dungeon Overview and Level Annotations

Branches:
Dungeon (3/15)              Sewer (1/1)

Altars:
Wu Jian


Innate Abilities, Weirdness & Mutations

Your experience applies equally to all skills.
You have very sharp teeth.
Your uncanny sense of smell can sniff out nearby items.


Message History

The bat hits you.
* * * LOW HITPOINT WARNING * * *
The bat hits you but does no damage.
Okay, then.
What are your orders? t - Bark!
Orders for allies: a - Attack new target. p - Attack previous target. r - Retreat! s - Stop attacking. g - Guard the area. f - Follow me.
Anything else - Cancel.
Attack!
The bat closely misses you. The bat hits you but does no damage.
The big kobold misses you.
Unknown command.
Throwing (i - inventory. (/) - cycle)
o - 51 stones (quivered)
Aim: a big kobold, wielding a +0 whip (severely wounded)
You throw a poisoned dart. The poisoned dart hits the big kobold.
The bat hits you.
* * * LOW HITPOINT WARNING * * *
The bat hits you.
You die...

≈≈≈≈ ≈≈≈≈≈≈ ≈≈
##########≈#≈#######≈###
.......PP≈≈≈≈≈P.PP≈≈≈≈P≈
.........≈≈≈P≈...≈≈≈≈≈≈.
....P.....≈.≈.......≈≈P.
........................
........................
....####...P...K........
##### ##.......@b......
##......b.....##
####..####.### #### #


You could see a big kobold and 2 bats.

Vanquished Creatures
  A bullfrog skeleton (D:2)
  2 adders
  An ooze (D:1)
  2 worms (D:2)
  2 dart slugs (D:1)
  9 bats
  7 giant cockroaches
  4 hobgoblins
  3 jackals (D:2)
  4 kobolds (Sewer)
  A quokka (D:2)
  A ball python (Sewer)
  2 frilled lizards
  9 goblins
  3 rats
51 creatures vanquished.

Notes
Turn   | Place    | Note
-------+----------+-------------------------------------------
     0 | D:1      | Goreval the Gnoll Wizard began the quest for the Orb.
     0 | D:1      | Reached XP level 1. HP: 13/13 MP: 8/8
   214 | D:1      | Reached XP level 2. HP: 19/19 MP: 6/10
   947 | D:1      | Reached XP level 3. HP: 25/25 MP: 6/11
  1247 | D:2      | Reached skill level 1 in Fighting
  1247 | D:2      | Reached skill level 1 in Short Blades
  1247 | D:2      | Reached skill level 1 in Long Blades
  1247 | D:2      | Reached skill level 1 in Axes
  1247 | D:2      | Reached skill level 1 in Maces & Flails
  1247 | D:2      | Reached skill level 1 in Polearms
  1247 | D:2      | Reached skill level 1 in Staves
  1247 | D:2      | Reached skill level 1 in Slings
  1247 | D:2      | Reached skill level 1 in Bows
  1247 | D:2      | Reached skill level 1 in Crossbows
  1247 | D:2      | Reached skill level 1 in Throwing
  1247 | D:2      | Reached skill level 1 in Armour
  1247 | D:2      | Reached skill level 1 in Shields
  1247 | D:2      | Reached skill level 1 in Unarmed Combat
  1247 | D:2      | Reached skill level 1 in Invocations
  1247 | D:2      | Reached skill level 1 in Evocations
  1247 | D:2      | Reached XP level 4. HP: 21/32 MP: 9/13
  2030 | D:2      | Reached skill level 1 in Hexes
  2030 | D:2      | Reached skill level 1 in Charms
  2030 | D:2      | Reached skill level 1 in Necromancy
  2030 | D:2      | Reached skill level 1 in Transmutations
  2030 | D:2      | Reached skill level 1 in Fire Magic
  2030 | D:2      | Reached skill level 1 in Ice Magic
  2030 | D:2      | Reached skill level 1 in Air Magic
  2030 | D:2      | Reached skill level 1 in Earth Magic
  2030 | D:2      | Reached skill level 1 in Poison Magic
  2040 | D:2      | Found an ornate altar of the Wu Jian Council.
  2084 | D:2      | Learned a level 2 spell: Blink
  2087 | D:2      | Learned a level 2 spell: Call Imp
  2091 | D:2      | Learned a level 3 spell: Mephitic Cloud
  2338 | D:2      | Learned a level 3 spell: Conjure Flame
  2657 | D:3      | Found a glowing drain.
  2668 | Sewer    | Entered a sewer
  2715 | Sewer    | Noticed a big kobold
  2723 | Sewer    | Reached XP level 5. HP: 29/37 MP: 2/14
  2767 | Sewer    | HP: 1/37 [bat (1)]
  2767 | Sewer    | Slain by a bat

Levels and vault maps discovered:
D:1:      dpeg_arrival_round_c, layout_basic, minmay_pentomino_s4
D:2:      layout_loops_cross, marbit_many_paths, first_ration
D:3:      layout_loops_ring, makhleb_grotto_becter, portal_sewer_entry_d
Sewer:    kennysheep_pipe_town

Skill      XL: |  1  2  3  4 |
---------------+-------------+-----
Conjurations   | 2 |  2.3
Summonings     | 2 |  2.3
Translocations | 2 |  2.3
Fighting       | 1 |  1.2
Short Blades   | 1 |  1.2
Long Blades    | 1 |  1.2
Axes           | 1 |  1.2
Maces & Flails | 1 |  1.2
Polearms       | 1 |  1.2
Staves         | 1 |  1.2
Slings         | 1 |  1.2
Bows           | 1 |  1.2
Crossbows      | 1 |  1.2
Throwing       | 1 |  1.2
Armour         | 1 |  1.2
Shields        | 1 |  1.2
Unarmed Combat | 1 |  1.2
Invocations    | 1 |  1.4
Evocations     | 1 |  1.2
Hexes          | 1 |  1.0
Charms         | 1 |  1.0
Necromancy     | 1 |  1.0
Transmutations | 1 |  1.0
Fire Magic     | 1 |  1.0
Ice Magic      | 1 |  1.0
Air Magic      | 1 |  1.0
Earth Magic    | 1 |  1.0
Poison Magic   | 1 |  1.0
Dodging        | |  4.7
Stealth        | |  4.3
Spellcasting   | |  7.2

Action                   |  1- 3 |  4- 6 || total
-------------------------+-------+-------++-------
Melee: Club              |     7 |    21 ||    28
       Bite              |       |     1 ||     1
Throw: Dart              |       |     1 ||     1
 Cast: Magic Dart        |    58 |    86 ||   144
       Call Imp          |       |     2 ||     2
       Blink             |       |     1 ||     1
  Eat: Chunk             |     1 |     4 ||     5
Armor: Leather armour    |     6 |    22 ||    28
Dodge: Dodged            |    17 |    57 ||    74
